 Dungeon Crawl Stone Soup version 0.31-a0-978-g1e143483b6 (webtiles) character file.

Game seed: 11399953457402818100

508 Maxmaps the Changeling (level 7, 0/33 (43) HPs)
             Began as an Octopode Shapeshifter on Oct 30, 2023.
             Slain by a wight
             ... wielding a +0 spear
              (8 damage)
             ... on level 4 of the Dungeon.
             The game lasted 00:03:43 (2975 turns).

Maxmaps the Changeling (Octopode Shapeshifter)      Turns: 2975, Time: 00:03:44

HP:   0/33 (43)     AC:  1    Str: 11 (13) XL:     7   Next: 18%
MP:   0/7           EV: 13    Int: 12 (14) God:
Gold: 72            SH:  0    Dex: 11 (12) Spells: 6/6 levels left

rFire   . .          .
                       - Unarmed
rCold   + . .        (no shield)
rNeg    . . .        (helmet currently unavailable)
rPois   .            e - amulet of guardian spirit
rElec   .            (no ring)
rCorr   .            (no ring)
SInv    +            (no ring)
Will    .....        (no ring)
Stlth   ++           (no ring)
HPRegen 0.25/turn    (no ring)
MPRegen 0.10/turn    (no ring)
                     (no ring)

%: guardian spirit
@: beast-form, hasted, heavily drained, very quick
A: beast (slay +4), almost no armour, amphibious, 8 rings, camouflage 1,
gelatinous body 1, (nimble swimmer 1), tentacles, see invisible, cold resistance
1
a: Begin Untransformation


You were on level 4 of the Dungeon.
You were a hulking beast.
You visited 1 branch of the dungeon, and saw 6 of its levels.

You collected 112 gold pieces.
You spent 40 gold pieces at shops.

Inventory:

Armour
 i - a +1 hat
Jewellery
 e - an amulet of guardian spirit (around mantle)
 k - an amulet of magic regeneration
Talismans
 b - a beast talisman
 c - a flux talisman
Scrolls
 f - a scroll of fog {unknown}
 g - 8 scrolls of teleportation
 h - 2 scrolls of immolation
 l - 2 scrolls of vulnerability {unknown}
 o - a scroll of identify
 p - a scroll of acquirement {unknown}
Potions
 d - a potion of curing
 m - a potion of mutation


   Skills:
 - Level 1.0 Fighting
 - Level 2.0 Dodging
 - Level 3.0 Unarmed Combat
 + Level 7.4 Shapeshifting


You had 6 spell levels left.
You didn't know any spells.
Your spell library was empty.

Dungeon Overview and Level Annotations

Branches:
Dungeon (6/15)
 Temple: D:4-7

Altars:
Kikubaaqudgha
Okawaru
Qazlal
Sif Muna

Shops:
D:6 *

Annotations:
D:4 1 transporter


Innate Abilities, Weirdness & Mutations

You are a hulking beast.
Your limbs bulge with bestial killing power. (Slay +4)
You cannot wear most types of armour.
You are amphibious.
You can wear up to eight rings at the same time.
Your skin changes colour to match your surroundings (Stealth+).
Your rubbery body absorbs attacks. (AC +1, EV +1)
((You are camouflaged when in or above water. (Stealth+)))
You have tentacles for arms and can constrict up to eight enemies at once.
You have supernaturally acute eyesight. (SInv)
Your flesh is cold resistant. (rC+)


Message History

You feel drained.
It was a potion of degeneration.
There was something very wrong with that liquid.
You feel weakened.
You feel dopey.
You feel clumsy. The wight hits you but does no damage.
The wight hits you but does no damage. The wight hits you but does no damage.
The wight hits you but does no damage.
The wight hits you from afar with a +0 spear.
The wight barely misses you.
The wight hits you from afar with a +0 spear.
You feel drained. The wight hits you but does no damage.
The wight hits you but does no damage. The wight hits you but does no damage.
The wight hits you but does no damage.
Your transformation is almost over.
The wight hits you but does no damage. The wight hits you but does no damage.
The wight hits you but does no damage. The wight hits you but does no damage.
The wight hits you from afar with a +0 spear.
You feel drained. The wight hits you but does no damage.
The wight hits you from afar with a +0 spear.
You feel drained. The wight hits you but does no damage.
The wight hits you from afar with a +0 spear!
* * * LOW HITPOINT WARNING * * *
The wight hits you but does no damage.
You feel less wooden.
You turn into a hulking beast.
The wight barely misses you.
Things that are here:
a +0 hand axe; a +0 robe You tentacle-slap the wight but do no damage.
You grab the wight.
You constrict the wight, but do no damage.
The wight hits you with a +0 spear!
You die...

###### #....# #....#
#.[..# #...:+ #....#
+z...#
###############h...#
#.....>........)...#
##.......†..†.).....#
....................#
.......?....(.......#
....................#
..###'########+##+#...
..#........+ ....
..#........# ...


You could see a wight.

Vanquished Creatures
  A water moccasin (D:5)
  3 wights (D:4)
  A howler monkey (D:4)
  3 iguanas
  4 adders
  A worm (D:2)
  2 dart slugs
  8 orcs
  2 bats
  13 endoplasms
  3 goblins
  13 hobgoblins
  A quokka (D:3)
  10 ball pythons
  9 frilled lizards
  6 kobolds
  6 rats
86 creatures vanquished.

Notes
Turn   | Place    | Note
-------+----------+-------------------------------------------
     0 | D:1      | Maxmaps the Octopode Shapeshifter began the quest for the
                  | Orb.
     0 | D:1      | Reached XP level 1. HP: 13/13 MP: 1/1
   115 | D:1      | Reached XP level 2. HP: 18/18 MP: 2/2
   719 | D:2      | Reached XP level 3. HP: 23/23 MP: 3/3
   760 | D:2      | Reached skill level 4 in Shapeshifting
  1663 | D:3      | Reached XP level 4. HP: 23/28 MP: 2/4
  1682 | D:3      | Gained mutation: You have hidden genetic potential. [potion
                  | of mutation]
  1731 | D:3      | Found an ancient bone altar of Kikubaaqudgha.
  2060 | D:3      | Found a shimmering blue altar of Sif Muna.
  2064 | D:3      | Found a stormy altar of Qazlal.
  2067 | D:3      | Found an iron altar of Okawaru.
  2312 | D:3      | Reached skill level 5 in Shapeshifting
  2427 | D:4      | Found a transporter.
  2431 | D:4      | Reached XP level 5. HP: 27/33 MP: 3/5
  2443 | D:4      | Gained mutation: You have supernaturally acute eyesight.
                  | (SInv) [hidden potential]
  2500 | D:4      | You fall into a shaft and drop 2 floors!
  2587 | D:6      | Found Fehoufuu's CLEARANCE SALE!.
  2609 | D:6      | Bought a scroll of teleportation for 15 gold pieces
  2609 | D:6      | Bought a potion of heal wounds for 25 gold pieces
  2624 | D:5      | Entered Level 5 of the Dungeon
  2634 | D:5      | Noticed a water moccasin
  2650 | D:5      | Killed a water moccasin
  2651 | D:5      | Reached skill level 6 in Shapeshifting
  2651 | D:5      | Reached XP level 6. HP: 12/38 MP: 1/6
  2665 | D:5      | Gained mutation: Your flesh is cold resistant. (rC+)
                  | [hidden potential]
  2665 | D:5      | Lost mutation: You have hidden genetic potential. [hidden
                  | potential expressed]
  2919 | D:4      | Reached skill level 7 in Shapeshifting
  2928 | D:4      | Reached XP level 7. HP: 18/42 MP: 3/7
  2975 | D:4      | Slain by a wight

Illustrated notes

Levels and vault maps discovered:
D:1:      mainiacjoe_arrival_reflecting_pool, layout_loops_cross,
          hangedman_decor_slide_cut
D:2:      layout_basic
D:3:      layout_loops_cross, old_standard_altar, grunt_temple_overflow_diamond
D:4:      layout_gridville, gammafunk_ghost_stat_death, minmay_misc_feat_tiny
D:5:      layout_basic, nemelex_spade_bored_becter, serial_shops, shop,
          st_stairs_13, minmay_fire_ice_demons
D:6:      layout_gridville, minmay_temple_entry_trees, nicolae_shop_clearance

Skill      XL: |  1  2  3  4  5  6 |
---------------+-------------------+-----
Shapeshifting  | 4 5 6 7 |  7.4
Fighting       | |  1.0
Dodging        | |  2.0
Unarmed Combat | |  3.0

Action                     |  1- 3 |  4- 6 |  7- 9 || total
---------------------------+-------+-------+-------++-------
  Melee: Unarmed           |    74 |    90 |    12 ||   176
         Tentacles         |    13 |    13 |       ||    26
         Constrict         |    12 |    18 |     1 ||    31
         Punch             |     2 |     4 |       ||     6
    Use: Scroll            |       |     5 |       ||     5
         Potion            |       |     6 |     3 ||     9
   Stab: Sleeping          |    11 |     6 |       ||    17
 Armour: Skin              |    18 |    44 |    42 ||   104
  Dodge: Dodged            |    34 |    50 |     2 ||    86

Table legend: (Time is in decaauts)
 A = Elapsed time spent in this place.
 B = Non-inter-level travel time spent in this place.
 C = Inter-level travel time spent in this place.
 D = Time resting spent in this place.
 E = Time spent auto-exploring this place.
 F = Levels seen in this place.
 G = Mean time per level.
                   A        B        C        D        E       F      G
               +--------+--------+--------+--------+--------+-----+--------+
         Total |   2953 |   2846 |    107 |    157 |   2081 |   6 |  492.2 |
       Dungeon |   2953 |   2846 |    107 |    157 |   2081 |   6 |  492.2 |
               +--------+--------+--------+--------+--------+-----+--------+

Top non-repeatable levels by time:
     D:2: 1003 daAuts
     D:3: 680 daAuts
     D:1: 646 daAuts
     D:5: 273 daAuts
     D:4: 226 daAuts
     D:6: 122 daAuts
